 Dungeon Crawl Stone Soup version 0.31-a0-214-gb37851dbb3 (webtiles) character file.

Game seed: 17974733083405003858

51 qw the Chopper (level 3, -5/23 HPs)
             Began as a Gargoyle Fighter on July 1, 2023.
             Slain by Terence
             ... wielding a +0 flail
              (8 damage)
             ... on level 2 of the Dungeon.
             The game lasted 00:00:39 (1395 turns).

qw the Chopper (Gargoyle Fighter)                   Turns: 1395, Time: 00:00:40

Health: -5/23      AC: 10    Str: 18 (21) XL:     3   Next: 81%
Magic:  3/3        EV:  9    Int:  7 (8)  God:
Gold:   67         SH:  4    Dex:  7 (9)  Spells: 2/2 levels left

rFire   . . .        Y - +0 war axe
rCold   . . .        c - +0 buckler
rNeg    + . .        b - +0 scale mail
rPois   inf          (no helmet)
rElec   +            (no cloak)
rCorr   .            (no gloves)
SInv    .            (no boots)
Will    .....        (no amulet) Stlth
                     (no ring)
HPRegen 0.23/turn    (no ring)
MPRegen 0.08/turn

%: no passive effects
@: no status effects
A: sickness immunity, AC +3, negative energy resistance 1, electricity
resistance, torment resistance 1, petrification resistance
a: no special abilities


You were on level 2 of the Dungeon.
You visited 1 branch of the dungeon, and saw 2 of its levels.

You collected 67 gold pieces.


Innate Abilities, Weirdness & Mutations

You are immune to sickness and miasma.
Your stone body is resilient. (AC +3)
You are immune to poison.
You resist negative energy. (rN+)
You are resistant to electric shocks. (rElec)
You are resistant to unholy torment.
You are immune to petrification.


   Skills:
 - Level 3.2 Fighting
 + Level 3.6 Axes
 - Level 3.2 Armour
 - Level 3.2 Shields


You had 2 spell levels left.
You didn't know any spells.
Your spell library was empty.

Inventory:

Hand Weapons
 f - a +0 club
 Y - a +0 war axe (weapon)
Armour
 b - a +0 scale mail (worn)
 c - a +0 buckler (worn)
Scrolls
 e - a scroll of teleportation {unknown}
Potions
 a - 2 potions of curing {unknown}
 d - a potion of might

Dungeon Overview and Level Annotations

Branches:
Dungeon (2/15)

Altars:

Annotations:
D:2 Terence


Message History

Enter note:
Enter note:
Enter note:
Enter note: You slash the rat!
You kill the rat!
Terence the Incautious comes into view.
He is wielding a +0 flail.
Enter note:
Enter note:
Enter note:
Enter note:
Enter note:
Enter note:
Enter note:
Enter note:
Enter note: You barely miss Terence.
Terence barely misses you. Terence hits you but does no damage.
You slash Terence!
Terence is heavily wounded.
Terence barely misses you.
You barely miss Terence.
Terence is heavily wounded.
Terence barely misses you.
You barely miss Terence.
Terence is heavily wounded.
Terence hits you with a +0 flail! Terence hits you with a +0 flail.
You hit Terence.
Terence is severely wounded.
Terence hits you with a +0 flail!
You hit Terence.
Terence is almost dead.
Terence hits you but does no damage.
You closely miss Terence.
Terence is almost dead.
Terence hits you with a +0 flail. You block Terence's attack.
You closely miss Terence.
Terence is almost dead.
Terence hits you with a +0 flail!
You die...

.........# #....#..........#
#....#..........#
#....#..........##
#................
#....#..........# #
#............@..## .. ##
###.............@..# #. ##.
.#......######..<#..###.#######..
.#..###.....##..># ......#.......
....###.....###..# ##.#.........
......#.....# #..# ###.#.....####
............###..###........##
...###............(........##
.......######..........###..#
.......#...............####.#


You could see Terence.

Vanquished Creatures
  An adder (D:2)
  3 dart slugs
  2 ball pythons
  4 endoplasms
  A giant cockroach (D:2)
  A goblin (D:1)
  4 jackals (D:2)
  2 kobolds
  3 quokkas
  3 bats
  2 frilled lizards (D:1)
  9 rats
35 creatures vanquished.

Notes
Turn   | Place    | Note
-------+----------+-------------------------------------------
     0 | D:1      | qw the Gargoyle Fighter began the quest for the Orb.
     0 | D:1      | Reached XP level 1. HP: 14/14 MP: 1/1
     0 | D:1      | 0 ||| qw: Version: 0.3-a-32-g5962c71
     0 | D:1      | 0 ||| qw: Game counter: 7576
     0 | D:1      | 0 ||| qw: Melee chars always use a shield: true
     0 | D:1      | 0 ||| qw: God list: Okawaru
     0 | D:1      | 0 ||| qw: Allow faded altars: false
     0 | D:1      | 0 ||| qw: Do Orc after clearing Dungeon:15 true
     0 | D:1      | 0 ||| qw: Do second Lair branch before Depths: true
     0 | D:1      | 0 ||| qw: Lair rune preference: random
     0 | D:1      | 0 ||| qw: Goals: Normal, Zot:1-4, Slime:5, God:TSO, Crypt,
                  | Tomb, Abyss, Pan, Hells, Win
     0 | D:1      | 0 ||| PLANNING D:1-11
   310 | D:1      | 310 ||| Stepping ~*~*~tactically~*~*~ (hiding).
   317 | D:1      | Reached XP level 2. HP: 19/19 MP: 2/2
   953 | D:1      | 953 ||| DROPPING ring of wizardry.
   954 | D:1      | 954 ||| READING scroll labelled UCIORUEMMA.
   955 | D:1      | 955 ||| DRINKING 2 bubbling inky potions.
   956 | D:1      | 956 ||| DROPPING potion of degeneration.
  1012 | D:2      | Reached skill level 3 in Axes
  1019 | D:2      | Reached XP level 3. HP: 20/23 MP: 3/3
  1221 | D:2      | 1221 ||| Stepping ~*~*~tactically~*~*~ (hiding).
  1382 | D:2      | Noticed Terence
  1392 | D:2      | HP: 3/23 [Terence/+0 flail (8)]
  1395 | D:2      | Slain by Terence

Levels and vault maps discovered:
D:1:      dpeg_arrival_three_same_balls, layout_loops_ring
D:2:      layout_rooms, uniq_terence

Skill      XL: |  1  2 |
---------------+-------+-----
Axes           | 2 3 |  3.6
Fighting       | |  3.2
Armour         | |  3.2
Shields        | |  3.2

Action                     || total
---------------------------++-------
  Melee: War axe           ||   111
    Use: Scroll            ||     1
         Potion            ||     1
 Armour: Scale mail        ||    56
  Dodge: Dodged            ||    54
  Block: Buckler           ||    17

Table legend:
 A = Non-vault XP
 B = Vault XP
 C = Vault XP percentage of total XP
 D = Non-vault monster count
 E = Vault monster count
 F = Vault count percentage of total count
                 A         B        C        D         E       F
            +---------+---------+-------+---------+---------+-------
      Total |      73 |       0 |   0.0 |      35 |       0 |   0.0
            +---------+---------+-------+---------+---------+-------
        D:1 |      23 |       0 |   0.0 |      14 |       0 |   0.0
        D:2 |      50 |       0 |   0.0 |      21 |       0 |   0.0
            +---------+---------+-------+---------+---------+-------
